AoeStats
← Ennzo

Pilgrims

510192843Analyzed
4v4 RM · 2d ago on Sep 29, 2026· 60m 24s· 8 players
Game mode
Random Map
Map size
Large (8 player)
Population
200
Speed
Normal
Resources
Standard
Victory
Conquest
Starting age
Dark Age
Ending age
Imperial Age
RankedLock teamsTeams togetherTeam positionsShared explorationLock speedFull tech treeHidden civsTurbo modeCheats
Victory
Defeat
🇦🇷 Byzantines · Argentina
1032
+14
🇦🇷 Malay · Argentina
1029
+14
🇦🇷 Danes · Argentina
966
+16
🇦🇷 Franks · Argentina
958
+16
🇵🇱 Mongols · Poland
1006
-16
🇩🇪 Malay · Germany
984
-15
🇬🇧 Varangians · United Kingdom
966
-15
🇲🇽 Burmese · Mexico
946
-14
W◯lf 103 {WYR}
10:18 Loom
14:11 Feudal Age
14:48 Double-Bit Axe
14:47 Fishing Lines
17:30 Fletching
19:50 Castle Age
20:47 Bodkin Arrow
21:58 Bow Saw
34:01 Fervor
41:02 Careening
41:14 Ballistics
42:11 Clinker Construction
42:01 Gillnets
47:32 Imperial Age
45:42 Wheelbarrow
47:13 Forging
47:04 Scale Mail Armor
47:14 Scale Barding Armor
48:31 Hand Cart
49:38 Chemistry
48:59 Dry Dock
49:50 Shipwright
51:20 Bracer
51:42 Dry Dock
54:52 Two-Man Saw
55:15 Carvel Hull
55:27 Chain Barding Armor
55:19 Forging
59:14 Elite Jarl
60:17 Husbandry
60:27 Bloodlines
BP Charly
7:23 Loom
15:14 Feudal Age
18:44 Castle Age
20:20 Fletching
23:24 Horse Collar
25:07 Fishing Lines
26:52 Gold Mining
28:03 Wheelbarrow
29:50 Heavy Plow
32:55 Imperial Age
30:58 Forging
30:48 Scale Mail Armor
31:16 Man-at-Arms
31:43 Gambesons
33:01 Long Swordsman
34:18 Iron Casting
33:58 Chain Mail Armor
33:56 Two-Handed Swordsman
35:11 Plate Mail Armor
36:00 Blast Furnace
35:25 Champion
51:27 Gold Shaft Mining
PezMaza
4:00 Loom
12:14 Feudal Age
16:09 Town Watch
23:46 Fletching
Ennzo
13:09 Feudal Age
pelusinho
11:43 Feudal Age
13:41 Fletching
13:44 Loom
18:51 Double-Bit Axe
31:04 Gold Mining
31:58 Fishing Lines
38:21 Castle Age
38:13 Bow Saw
38:39 Forging
39:46 Gold Shaft Mining
41:26 Medium Warships
43:36 Iron Casting
43:14 Bodkin Arrow
46:17 Coinage
45:44 Gillnets
Lutar
7:13 Loom
10:27 Feudal Age
11:25 Double-Bit Axe
18:19 Castle Age
21:01 Wheelbarrow
20:40 Bow Saw
21:13 Stone Mining
22:15 Hand Cart
28:47 Fletching
31:53 Stone Shaft Mining
37:41 Imperial Age
36:00 Gold Mining
38:46 Scale Barding Armor
38:52 Forging
40:32 Husbandry
42:07 Cavalier
43:08 Chain Barding Armor
43:24 Iron Casting
44:47 Elite Skirmisher
45:24 Bodkin Arrow
47:20 Thumb Ring
47:18 Bracer
47:19 Padded Archer Armor
46:55 Light Cavalry
48:56 Ballistics
48:05 Hussar
48:40 Crossbowman
50:08 Gold Shaft Mining
50:05 Leather Archer Armor
50:19 Arbalester
52:30 Ring Archer Armor
53:12 Chemistry
58:07 Demolition Ship
Janzen
5:39 Loom
11:28 Feudal Age
13:08 Man-at-Arms
15:31 Wheelbarrow
16:12 Fletching
16:55 Arson
17:06 Fishing Lines
20:35 Double-Bit Axe
23:59 Castle Age
22:12 Stone Mining
23:57 Forging
23:32 Horse Collar
24:45 Bodkin Arrow
26:56 Medium Warships
27:01 Gambesons
27:20 Scale Mail Armor
27:37 Bow Saw
28:52 Squires
30:09 Town Watch
31:46 Gillnets
32:47 Hand Cart
32:25 Gold Mining
34:31 Heavy Plow
35:15 Husbandry
36:21 Iron Casting
36:56 Bloodlines
39:21 Imperial Age
37:26 Chain Mail Armor
37:14 Padded Archer Armor
38:02 Long Swordsman
40:08 Masonry
41:32 Heavy Warships
40:42 Two-Handed Swordsman
41:25 Two-Handed Swordsman
41:40 Hamask
43:21 Conscription
44:49 Blast Furnace
46:18 Coinage
47:11 Plate Mail Armor
50:02 Banking
50:15 Elite Varangian Guard
51:47 Capped Ram
56:43 Siege Ram
Pollo Flojo
11:42 Feudal Age
10:56 Loom
15:36 Fletching
15:46 Padded Archer Armor
16:25 Gold Mining
16:48 Double-Bit Axe
17:54 Stone Mining
20:24 Wheelbarrow
22:57 Castle Age
25:14 Bodkin Arrow
25:34 Leather Archer Armor
32:21 Scale Barding Armor
32:27 Forging
33:09 Gold Shaft Mining
33:42 Hand Cart
33:39 Bow Saw
39:25 Chain Barding Armor
42:39 Iron Casting
46:48 Husbandry
Connection lost

Rejoining the realm…

Still unreachable

The connection could not be restored.

Session expired

The server has moved on; the page needs a fresh start.